 Dungeon Crawl Stone Soup version 0.29-a0-350-g7790a0e70a (webtiles) character file.

Game seed: 13349322060186773238

354 avis the Insei (level 6, -15/76 HPs)
             Began as a Demigod Transmuter on Apr 23, 2022.
             Demolished by Menkaure (17 damage)
             ... on level 3 of the Dungeon.
             The game lasted 00:21:31 (4786 turns).

avis the Insei (Demigod Transmuter)                 Turns: 4786, Time: 00:21:32

Health: -15/76     AC: 23    Str: 15    XL:     6   Next: 13%
Magic:  8/11       EV:  2    Int: 15    God:
Gold:   269        SH:  0    Dex: 18    Spells: 1/9 levels left

rFire   . . .      SeeInvis .     - Unarmed
rCold   . . .      Faith    .   (no shield)
rNeg    + . .      Spirit   .   (body armour currently unavailable)
rPois   +          Reflect  .   (helmet currently unavailable)
rElec   .          Harm     .   (cloak currently unavailable)
rCorr   .          Rampage  .   (gloves currently unavailable)
Will    .....      NoTele   +   (boots currently unavailable)
Stlth   ++........              (no amulet)
HPRegen 0.22/turn               y - ring of positive energy
MPRegen 0.12/turn               (no ring)

@: tree-form, very slightly contaminated, hasted, very quick
A: stationary, stasis, torment immunity, boosted hp, high MP 1, forlorn, divine
attributes
a: no special abilities


You were on level 3 of the Dungeon.
You were a tree.
You visited 1 branch of the dungeon, and saw 4 of its levels.

You collected 269 gold pieces.

Inventory:

Hand Weapons
 p - a +0 spear
 t - a +0 vorpal mace
 v - a +0 flail of protection
 w - a +1 mace of protection
 x - a +1 dagger of venom
Missiles
 c - 258 stones
 z - 12 poisoned darts
Armour
 a - a +0 robe (melded)
 d - a +0 pair of gloves (melded)
 g - a +0 chain mail
 h - a +0 leather armour
 r - a +0 ring mail
Jewellery
 y - a ring of positive energy (left branch)
Wands
 u - a wand of flame (4)
Scrolls
 e - 3 scrolls of teleportation {unknown}
 j - a scroll of enchant weapon {unknown}
 l - 7 scrolls of identify {unknown}
 o - a scroll of brand weapon {unknown}
 q - a scroll of enchant armour {unknown}
 B - a scroll of vulnerability {unknown}
Potions
 b - a potion of lignification
 f - a potion of might {unknown}
 i - a potion of flight {unknown}
 k - a potion of berserk rage {unknown}
 m - a potion of brilliance {unknown}
 n - a potion of curing {unknown}
 A - a potion of heal wounds {unknown}
 C - 2 potions of ambrosia {unknown}


   Skills:
 - Level 3.0 Fighting
 - Level 1.7 Dodging
 - Level 1.0 Stealth
 - Level 4.0 Unarmed Combat
 - Level 2.0 Spellcasting
 * Level 3.6 Transmutations
 - Level 2.0 Poison Magic


You had one spell level left.
You knew the following spells:

 Your Spells              Type           Power      Damage    Failure   Level
a - Beastly Appendage     Tmut           24%        N/A       4%          1
b - Ice Form              Ice/Tmut       6%         N/A       71%         4
p - Spider Form           Tmut/Pois      9%         N/A       22%         3

Your spell library contained the following spells:

 Spells                   Type           Power      Damage    Failure   Level
 Wereblood                Tmut           12%        N/A       8%          2


Dungeon Overview and Level Annotations

Branches:
Dungeon (4/15)
 Temple: D:4-7

Annotations:
D:3 Menkaure
D:4 Eustachio


Innate Abilities, Weirdness & Mutations

You are a tree.
Your roots penetrate the ground, keeping you stationary.
You cannot be teleported.
You are immune to unholy pain and torment.
Your maximum health is greatly increased.
Your equipment is partially melded.
You have an increased reservoir of magic. (+10% MP)
You shall have no god before yourself.
Your divine heritage dramatically boosts your attributes as you level up.


Message History

The ball python is moderately wounded.
The ball python closely misses you. The ball python completely misses you.
The quokka barely misses you.
You hit the ball python.
You kill the ball python!
The quokka bites you but does no damage.
You hit the quokka.
The quokka is almost dead.
The quokka bites you but does no damage.
The quokka closely misses you.
You closely miss the quokka. Your kick misses the quokka.
You headbutt the quokka.
You kill the quokka!
The quokka's corpse disappears in a puff of smoke!
The quokka misses you.
The quokka bites you but does no damage.
Menkaure closely misses you. A mysterious force pulls you upwards.
The hatch slams shut behind you.
Casting: Beastly Appendage (safe; 4% risk of failure)
Confirm with . or Enter, or press ? or * to list all spells.
You miscast Spider Form.
You are very lightly contaminated with residual magic.
Nothing appears to happen.
Menkaure hits you!!
* * * LOW HITPOINT WARNING * * *
Really quaff the potion of lignification?
Your horns disappear.
Your talons disappear.
You turn into a tree.
Your +0 pair of gloves melds into your body.
Your +0 robe melds into your body.
Your roots penetrate the ground.
Menkaure hits you.
* * * LOW HITPOINT WARNING * * *
You smack Menkaure!
Menkaure is moderately damaged.
Menkaure hits you but does no damage. Menkaure hits you!
* * * LOW HITPOINT WARNING * * *
You feel yourself speed up. Menkaure hits you but does no damage.
You smack Menkaure!
Menkaure is severely damaged.
Menkaure hits you!
You die...

######.....÷.
#####################............
..........<...[........#.........
####..........)...####...###.....
###..##########........### ######
................#.....## #
...#######################
####.....................# #####
# #...†.####...♣#...##..# #.>..
####...### #..M.#..[###.####....
...#..#######....##..###.#.......
####..##........###......####....
# #.###....#...# ##.....####....
# #.# #....#...# ###...#..###.# #
#.# #...##..## ####.##.# #.#
####.###)####..# ####...)##.# #.#
...#.....)....####.......##.# #.#


You could see Menkaure (fast).

Vanquished Creatures
  A sky beast (D:4)
  Terence (D:2)
  Natasha (thrice) (D:2)
  An orc wizard (D:3)
  5 adders
  2 worms
  2 dart slugs
  6 orcs (D:3)
  5 ball pythons
  11 bats
  3 endoplasms
  6 giant cockroaches
  10 hobgoblins
  2 jackals (D:3)
  3 quokkas
  5 frilled lizards
  4 goblins
  11 kobolds
  7 rats
88 creatures vanquished.

Notes
Turn   | Place    | Note
-------+----------+-------------------------------------------
     0 | D:1      | avis the Demigod Transmuter began the quest for the Orb.
     0 | D:1      | Reached XP level 1. HP: 15/15 MP: 5/5
    10 | D:1      | Reached skill level 1 in Fighting
   300 | D:1      | Reached XP level 2. HP: 22/24 MP: 7/7
   409 | D:1      | Reached skill level 1 in Stealth
   624 | D:1      | Reached skill level 3 in Unarmed Combat
  1301 | D:2      | Reached XP level 3. HP: 29/29 MP: 8/8
  1328 | D:2      | Learned a level 3 spell: Spider Form
  1413 | D:2      | Noticed Natasha
  1452 | D:2      | Killed Natasha
  1453 | D:2      | Reached skill level 1 in Poison Magic
  1997 | D:2      | Noticed Terence
  2011 | D:2      | Killed Terence
  2012 | D:2      | Reached XP level 4. HP: 24/37 MP: 6/9
  2159 | D:2      | Noticed Natasha
  2171 | D:2      | Killed Natasha
  2658 | D:2      | Noticed Natasha
  2683 | D:2      | Killed Natasha
  3182 | D:3      | Reached XP level 5. HP: 45/45 MP: 6/10
  4279 | D:3      | Learned a level 4 spell: Ice Form
  4308 | D:4      | Noticed a sky beast
  4442 | D:4      | Killed a sky beast
  4443 | D:4      | Reached skill level 4 in Unarmed Combat
  4443 | D:4      | Reached XP level 6. HP: 30/51 MP: 7/11
  4762 | D:4      | Noticed Eustachio
  4762 | D:4      | Noticed Menkaure
  4784 | D:3      | HP: 2/76 [Menkaure (7)]
  4786 | D:3      | Demolished by Menkaure

Illustrated notes

Levels and vault maps discovered:
D:1:      saegor_arrival_simple_a, layout_rooms,
          hellmonk_ecumenical_altar_lost_god, serial_rivers,
          chequers_serial_rivers_small_3, chequers_serial_rivers_large_a,
          chequers_serial_rivers_large_b, chequers_serial_rivers_small_3,
          chequers_serial_rivers_small_a, chequers_serial_rivers_room_b,
          minmay_hedge_maze, st_stairs_1, hex_intersection,
          minmay_split_cup_small
D:2:      layout_loops_ring, nrook_mini_backslash, uniq_natasha, uniq_terence
D:3:      minmay_recursive_quarters, layout_rooms, roderic_cross_of_infinity,
          chequers_serial_rivers_room_b
D:4:      layout_cave_pools, amcnicky_altar_gilded,
          nicolae_overflow_crystal_walls, uniq_eustachio, uniq_menkaure

Skill      XL: |  1  2  3  4  5 |
---------------+----------------+-----
Fighting       | 2 3 |  3.0
Stealth        | 1 |  1.0
Unarmed Combat | 3 4 |  4.0
Transmutations | 2 3 |  3.6
Spellcasting   | 2 |  2.0
Poison Magic   | 2 |  2.0
Dodging        | |  1.7

Action                   |  1- 3 |  4- 6 || total
-------------------------+-------+-------++-------
Melee: Unarmed           |   137 |   129 ||   266
       Punch             |     4 |       ||     4
       Kick              |       |    18 ||    18
       Headbutt          |       |     6 ||     6
 Cast: Spider Form       |     2 |    14 ||    16
       Beastly Appendage |       |    18 ||    18
  Use: Potion            |       |     2 ||     2
 Stab: Sleeping          |     1 |       ||     1
Armor: Robe              |    31 |    35 ||    66
       Skin              |     1 |     5 ||     6
Dodge: Dodged            |    91 |    98 ||   189

Table legend: (Time is in decaauts)
 A = Elapsed time spent in this place.
 B = Non-inter-level travel time spent in this place.
 C = Inter-level travel time spent in this place.
 D = Time resting spent in this place.
 E = Time spent auto-exploring this place.
 F = Levels seen in this place.
 G = Mean time per level.
                   A        B        C        D        E       F      G
               +--------+--------+--------+--------+--------+-----+--------+
         Total |   4844 |   4493 |    351 |   1567 |   1851 |   4 | 1211.0 |
       Dungeon |   4844 |   4493 |    351 |   1567 |   1851 |   4 | 1211.0 |
               +--------+--------+--------+--------+--------+-----+--------+

Top non-repeatable levels by time:
     D:2: 1790 daAuts
     D:1: 1463 daAuts
     D:3: 1386 daAuts
     D:4: 204 daAuts
